 Dungeon Crawl Stone Soup version 0.28.0-45-g0d030f2227 (webtiles) character file.

Game seed: 15807774772968549607

42 protoss039 the Digger (level 3, -3/26 HPs)
             Began as a Demonspawn Earth Elementalist on May 30, 2022.
             Killed from afar by Natasha (6 damage)
             ... with a magic dart
             ... on level 2 of the Dungeon.
             The game lasted 00:01:31 (2258 turns).

protoss039 the Digger (DsEE)                        Turns: 2258, Time: 00:01:32

Health: -3/26      AC:  3    Str:  8    XL:     3   Next: 35%
Magic:  4/6        EV: 12    Int: 18    God:
Gold:   98         SH:  0    Dex: 13    Spells: 3/6 levels left

rFire   . . .      SeeInvis .   g - +0 dagger
rCold   . . .      Faith    .   (no shield)
rNeg    . . .      Spirit   .   b - +0 robe
rPois   .          Reflect  .   (no helmet)
rElec   .          Harm     .   (no cloak)
rCorr   .          Rampage  .   i - +0 pair of gloves
Will    .....                   (no boots)
Stlth   ++........              (no amulet)
HPRegen 0.08/turn               (no ring)
MPRegen 0.10/turn               (no ring)

@: very slightly contaminated, slowed, very slow
A: hooves 1
a: no special abilities


You were on level 2 of the Dungeon.
You visited 1 branch of the dungeon, and saw 2 of its levels.

You collected 98 gold pieces.

Inventory:

Hand Weapons
 g - a +0 dagger (weapon)
Missiles
 c - 73 stones
Armour
 b - a +0 robe (worn)
 i - a +0 pair of gloves (worn)
Scrolls
 a - a scroll of brand weapon {unknown}
 e - a scroll of holy word {unknown}
 h - a scroll of identify {unknown}
Potions
 d - a potion of heal wounds {unknown}
 f - 3 potions of attraction {unknown}


   Skills:
 * Level 1.5 Fighting
 + Level 0.7 Armour
 - Level 1.7 Dodging
 - Level 1.7 Stealth
 + Level 2.3 Spellcasting
 - Level 1.5 Transmutations
 + Level 2.9 Earth Magic


You had 3 spell levels left.
You knew the following spells:

 Your Spells              Type           Power      Damage    Failure   Level
a - Sandblast             Erth           24%        2d8       5%          1
b - Passwall              Tmut/Erth      8%         N/A       11%         2

Your spell library contained the following spells:

 Spells                   Type           Power      Damage    Failure   Level
 Static Discharge         Conj/Air       2%         N/A       26%         2
 Stone Arrow              Conj/Erth      14%        3d7       28%         3
 Petrify                  Tmut/Erth      10%        N/A       56%         4
 Lightning Bolt           Conj/Air       1%         1d12      99%         5
 Maxwell's Capacitive Co  Air            1%         ∞         100%        8


Dungeon Overview and Level Annotations

Branches:
Dungeon (2/15)

Altars:

Annotations:
D:2 Natasha


Innate Abilities, Weirdness & Mutations

You have large cloven feet.


Message History

Unknown command.
You miss Natasha.
Natasha is heavily wounded.
Natasha claws you but does no damage. Natasha completely misses you.
Unknown command.
You hit Natasha but do no damage.
Natasha is heavily wounded.
Natasha barely misses you.
Unknown command.
You hit Natasha but do no damage.
Natasha is heavily wounded.
Natasha claws you. Natasha misses you.
Unknown command.
You closely miss Natasha. Your kick misses Natasha.
Natasha is heavily wounded.
Natasha claws you!
Unknown command.
You are too injured to fight recklessly!
Unknown command.
Casting: Sandblast (safe; 5% risk of failure)
Confirm with . or Enter, or press ? or * to list all spells.
Aiming: Sandblast (safe; 5% risk of failure)
Press: ? - help, Shift-Dir - straight line, f - Natasha
Aim: Natasha (heavily wounded, 74% to hit)
You miscast Sandblast.
You are very lightly contaminated with residual magic.
Nothing appears to happen.
Natasha claws you!
* * * LOW HITPOINT WARNING * * *
The iron imp grins evilly.
Natasha misses you.
Casting: Sandblast (safe; 5% risk of failure)
Confirm with . or Enter, or press ? or * to list all spells.
Aiming: Sandblast (safe; 5% risk of failure)
Press: ? - help, Shift-Dir - straight line, f/p - Natasha
Aim: Natasha (heavily wounded, 74% to hit)
The blast of sand hits Natasha.
Natasha is severely wounded.
Natasha stares at you and mumbles some strange words.
The magic dart hits you.
You die...

...'..........#########
...#.#........'.......#
...#.#........#######.#
...#.#.######## #.#
####.#.# #.# #...# #.#
##..# #. #.# .#
##..5#######.#
#...rgh@.....#
#....######### #.. #


You could see an iron imp (summoned), Natasha, a hobgoblin and a rat.

Vanquished Creatures
  An adder (D:2)
  2 dart slugs (D:1)
  A worm (D:2)
  A ball python (D:1)
  An endoplasm (D:1)
  3 giant cockroaches (D:1)
  2 goblins
  2 hobgoblins
  3 kobolds (D:1)
  3 quokkas
  2 bats
  5 frilled lizards (D:1)
26 creatures vanquished.

Notes
Turn   | Place    | Note
-------+----------+-------------------------------------------
     0 | D:1      | protoss039 the Demonspawn Earth Elementalist began the
                  | quest for the Orb.
     0 | D:1      | Reached XP level 1. HP: 13/13 MP: 3/3
    42 | D:1      | Reached skill level 1 in Transmutations
   271 | D:1      | Gained mutation: You have large cloven feet. [demonic
                  | ancestry]
   271 | D:1      | Reached XP level 2. HP: 15/20 MP: 5/5
   498 | D:1      | Found a faded altar of an unknown god.
   514 | D:1      | Reached skill level 1 in Fighting
  1430 | D:1      | Learned a level 2 spell: Passwall
  1624 | D:2      | Reached XP level 3. HP: 26/26 MP: 4/6
  2244 | D:2      | Noticed Natasha
  2258 | D:2      | Killed from afar by Natasha

Illustrated notes

Levels and vault maps discovered:
D:1:      dpeg_arrival_shelter, layout_basic,
          hellmonk_ecumenical_altar_arch_garden
D:2:      layout_basic, uniq_natasha

Skill      XL: |  1  2 |
---------------+-------+-----
Transmutations | 1 |  1.5
Fighting       | 1 |  1.5
Armour         | |  0.7
Dodging        | |  1.7
Stealth        | |  1.7
Spellcasting   | |  2.3
Earth Magic    | |  2.9

Action                   || total
-------------------------++-------
Melee: Mace              ||    49
       Unarmed           ||     1
       Dagger            ||    35
       Kick              ||    15
       Punch             ||     1
 Cast: Sandblast         ||    13
 Stab: Sleeping          ||     3
Armor: Robe              ||    18
Dodge: Dodged            ||    73
